 Dungeon Crawl Stone Soup version 0.20.0-15-g7f486f2 (webtiles) character file.

69 Zwobot the Skirmisher (level 4, 0/37 HPs)
             Began as a Mummy Fighter on June 9, 2017.
             Slain by a goblin
             ... wielding a +0 dagger
             ... led by Robin
              (1 damage)
             ... on level 2 of the Dungeon.
             The game lasted 00:03:01 (1362 turns).

Zwobot the Skirmisher (Mummy Fighter)               Turns: 1362, Time: 00:03:01

Health: 0/37       AC:  9    Str: 20    XL:     4   Next: 2%
Magic:  4/4        EV:  9    Int:  7    God:
Gold:   42         SH:  5    Dex: 11    Spells: 3/3 levels left

rFire    . . .     SeeInvis .   g - +1 dagger (drain)
rCold    + + .     Gourm    .   e - +1 buckler {AC+3}
rNeg     + + +     Faith    .   b - +0 scale mail
rPois    ∞         Spirit   .   (no helmet)
rElec    .         Reflect  .   h - scarf {rC+ rF+}
rCorr    .         Harm     .   (no gloves)
MR       .....                  (no boots)
Stlth    ..........             (no amulet)
Regen    0.2/turn               (no ring)
MPRegen  0.1/turn               (no ring)

@: very slightly contaminated
A: no food or potions, fire vulnerability, cold resistance 1, negative energy
resistance 3, torment resistance, unbreathing
a: no special abilities


You were on level 2 of the Dungeon.
You were not hungry.

You visited 1 branch of the dungeon, and saw 2 of its levels.

You collected 42 gold pieces.

Inventory:

Hand Weapons
 a - a +0 flail
 g - a +1 dagger of draining (weapon)
Armour
 b - a +0 scale mail (worn)
 c - a +0 shield
 e - a +1 buckler of protection (worn)
 h - a scarf of resistance (worn)
Jewellery
 j - an uncursed ring of flight
Scrolls
 f - 2 scrolls of identify


   Skills:
 + Level 3.7 Fighting
 - Level 1.8 Maces & Flails
 + Level 3.0 Armour
 + Level 2.9 Shields


You had 3 spell levels left.
You didn't know any spells.

Dungeon Overview and Level Annotations

Branches:
Dungeon (2/15)

Altars:

Annotations:
D:2 Robin, Sigmund


Innate Abilities, Weirdness & Mutations

You do not eat or drink.
Your flesh is vulnerable to fire.
You are immune to poison.
Your flesh is cold resistant. (rC+)
You are immune to negative energy. (rN+++)
You are immune to unholy pain and torment.
You can survive without breathing.


Message History

As you read the scroll labeled VUINWO ECWUVU, it crumbles to dust.
It is a scroll of identify.
j - an uncursed ring of flight
As you read the scroll labeled VERIMU FONWU, it crumbles to dust.
You feel blessed for a moment.
It was a scroll of remove curse.
You start resting.
The goblin unwields an uncursed hunting sling.
The goblin hits you but does no damage.
You hit the goblin. You drain the goblin!
You kill the goblin!
You have reached level 4!
The goblin hits you but does no damage.
You barely miss the goblin. The goblin hits you.
* * * LOW HITPOINT WARNING * * *
Unknown command.
You barely miss the goblin. The goblin barely misses you.
You hit the goblin.
You kill the goblin!
The goblin hits you with a dagger.
You die...

##....†#.# .##
######### ..# . #.#
###. #.# #...
#g###.##
###########g##..#.
###.g....[g(.g.g....
#.g†##...####gg#####
#..@##.....##gg#
#...##.###.....#
#...)..# ####.g
#...#...... ..g.
#...####### ###.
#...# ## #####


You could see 2 goblins.

Vanquished Creatures
  3 gnolls (D:2)
  An ooze (D:1)
  3 dart slugs
  2 leopard geckos (D:2)
  3 bats
  5 goblins
  4 hobgoblins
  A jackal (D:2)
  4 kobolds (D:1)
  A rat (D:1)
27 creatures vanquished.

Notes
Turn   | Place    | Note
-------+----------+-------------------------------------------
     0 | D:1      | Zwobot the Mummy Fighter began the quest for the Orb.
     0 | D:1      | Reached XP level 1. HP: 18/18 MP: 1/1
   256 | D:1      | Reached XP level 2. HP: 24/24 MP: 2/2
   539 | D:1      | You fall through a shaft!
   703 | D:2      | Reached XP level 3. HP: 27/29 MP: 3/3
   782 | D:2      | HP: 1/29 [gnoll/halberd (12)]
  1262 | D:2      | Noticed Sigmund
  1341 | D:2      | Noticed Robin
  1358 | D:2      | Reached XP level 4. HP: 4/37 MP: 4/4
  1360 | D:2      | HP: 1/37 [goblin[Robin] (4)]
  1362 | D:2      | Slain by a goblin

Skill      XL: |  1  2  3 |
---------------+----------+-----
Armour         | 3 |  3.0
Fighting       | |  3.7
Maces & Flails | |  1.8
Shields        | |  2.9

Action                   |  1- 3 |  4- 6 || total
-------------------------+-------+-------++-------
Melee: Flail             |     8 |       ||     8
       Dagger            |    77 |     3 ||    80
  Use: Scroll            |     3 |       ||     3
Armor: Scale mail        |    36 |     1 ||    37
Dodge: Dodged            |    49 |     1 ||    50
Block: Buckler           |    24 |       ||    24
